 Dungeon Crawl Stone Soup version 0.22.1-1-ga44c0e5 (webtiles) character file.

89 Fang the Skirmisher (level 4, -1/29 HPs)
             Began as a Gargoyle Berserker on Sept 23, 2018.
             Was a Believer of Trog.
             Slain by a phantom (7 damage)
             ... on level 2 of the Dungeon.
             The game lasted 00:02:52 (2805 turns).

Fang the Skirmisher (Gargoyle Berserker)            Turns: 2805, Time: 00:02:53

Health: -1/29      AC:  5    Str: 22    XL:     4   Next: 55%
Magic:  4/4        EV: 12    Int:  7    God:    Trog [**....]
Gold:   158        SH:  0    Dex:  9    Spells: 3/3 levels left

rFire    . . .     SeeInvis .   a - +0 hand axe
rCold    . . .     Gourm    .   (no shield)
rNeg     + . .     Faith    .   b - +0 animal skin
rPois    ∞         Spirit   .   (no helmet)
rElec    +         Reflect  .   (no cloak)
rCorr    +         Harm     .   (no gloves)
MR       .....                  (no boots)
Stlth    ++........             (no amulet)
HPRegen  0.09/turn              h - ring of stealth
MPRegen  0.09/turn              i - ring of resist corrosion

@: berserk cooldown, slowed, very slow
A: negative energy resistance 1, electricity resistance, unbreathing,
petrification resistance, rot immunity, AC +3
a: Berserk, Trog's Hand, Renounce Religion


You were on level 2 of the Dungeon.
You worshipped Trog.
Trog was pleased with you.
You were not hungry.

You visited 1 branch of the dungeon, and saw 3 of its levels.

You collected 158 gold pieces.

Inventory:

Hand Weapons
 a - a +0 hand axe (weapon)
Armour
 b - a +0 animal skin (worn)
Jewellery
 h - a ring of stealth (left hand)
 i - a ring of resist corrosion (right hand)
Wands
 n - a wand of clouds (4)
Scrolls
 j - 2 scrolls of blinking {unknown}
 k - a scroll of identify {unknown}
 l - a scroll of immolation {unknown}
 m - a scroll of magic mapping {unknown}
Potions
 d - 2 potions of curing {unknown}
 e - 2 potions of berserk rage {unknown}
 f - 2 potions of degeneration {unknown}
 g - 2 potions of flight {unknown}
Comestibles
 c - 6 rations


   Skills:
 + Level 4.0 Fighting
 + Level 3.7 Axes
 + Level 2.4 Armour
 + Level 2.2 Dodging
 + Level 0.2 Stealth


You had 3 spell levels left.
You didn't know any spells.
Your spell library was empty.

Dungeon Overview and Level Annotations

Branches:
Dungeon (3/15)

Altars:


Innate Abilities, Weirdness & Mutations

You are resistant to torment.
Your stone body is resilient. (AC +3)
You are immune to poison.
You resist negative energy. (rN+)
You are resistant to electric shocks. (rElec)
You can survive without breathing.
You are immune to petrification.
You are immune to rotting.


Message History

You are too injured to fight recklessly!
You are too injured to fight recklessly!
The phantom misses you. The phantom hits you. The phantom barely misses you.
The phantom hits you but does no damage.
The phantom hits you but does no damage.
There is a stone staircase leading up here.
The phantom hits you but does no damage.
The phantom hits you.
* * * LOW HITPOINT WARNING * * *
You climb upwards.
There is a stone staircase leading down here.
You hit the phantom.
The phantom is moderately damaged.
The phantom barely misses you.
You hit the phantom.
The phantom is heavily damaged.
The phantom closely misses you. The phantom hits you!
You die...

.....# .....# .....######
.....'....# .....####.#
#'#######'#### #.#..........#
#.#..........###################
..+..........'..@W.............#
#.#..........#################.#
#.#####.........############.#.#
#.# #.........'............#.#
#.# #.........############.#.#
#.#####.........# #.#.#
#..#............# #.#.#
#..#.#..........# #.#.#
#..#.#..........## #.#.#


You could see a phantom.

Vanquished Creatures
  3 adders
  An ooze (D:1)
  A dart slug (D:1)
  3 leopard geckos
  2 giant cockroaches (D:1)
  6 hobgoblins
  6 kobolds
  A quokka (D:3)
  2 ball pythons
  3 bats
  3 frilled lizards
  16 goblins
  3 rats
50 creatures vanquished.

Notes
Turn   | Place    | Note
-------+----------+-------------------------------------------
     0 | D:1      | Fang the Gargoyle Berserker began the quest for the Orb.
     0 | D:1      | Reached XP level 1. HP: 14/14 MP: 1/1
   319 | D:1      | Reached XP level 2. HP: 18/19 MP: 2/2
   478 | D:1      | Reached XP level 3. HP: 17/24 MP: 3/3
   594 | D:1      | Reached ** piety under Trog
  1372 | D:2      | Reached XP level 4. HP: 16/29 MP: 4/4
  2228 | D:3      | Reached skill level 4 in Fighting
  2395 | D:3      | Noticed a phantom
  2805 | D:2      | Slain by a phantom

Skill      XL: |  1  2  3  4 |
---------------+-------------+-----
Axes           | 3 |  3.7
Dodging        | 2 |  2.2
Fighting       | 4 |  4.0
Armour         | |  2.4
Stealth        | |  0.2

Action                   |  1- 3 |  4- 6 || total
-------------------------+-------+-------++-------
Melee: Hand axe          |   124 |    82 ||   206
Invok: Berserk           |       |     2 ||     2
 Stab: Sleeping          |       |     2 ||     2
  Eat: Chunk             |     2 |     3 ||     5
       Ration            |       |     1 ||     1
Armor: Animal skin       |    27 |    34 ||    61
Dodge: Dodged            |    69 |    45 ||   114
